 Dungeon Crawl Stone Soup version 0.19.1 (webtiles) character file.

142 Malachi the Skirmisher (level 5, -5/49 HPs)
             Began as a Naga Fighter on Nov 25, 2016.
             Killed from afar by an orc wizard (10 damage)
             ... with a puff of frost
             ... on level 4 of the Dungeon.
             The game lasted 00:03:51 (2522 turns).

Malachi the Skirmisher (Naga Fighter)               Turns: 2522, Time: 00:03:52

Health: -5/49      AC:  6    Str: 19    XL:     5   Next: 24%
Magic:  5/5        EV:  3    Int:  8    God:
Gold:   225        SH: 10    Dex: 11    Spells: 0 memorised, 4 levels left

rFire  + . .     SeeInvis +     a - +0 flail
rCold  . . .     Gourm    .     h - +0 chain mail (curse)
rNeg   . . .     Faith    .     c - +1 shield
rPois  +         Spirit   .     (no helmet)
rElec  .         Reflect  .     (no cloak)
rCorr  .         Harm     .     (no gloves)
MR     .....                    (no barding)
Stlth  ..........               (no amulet)
                                p - ring of protection from fire
                                r - ring of flight

@: short of breath, very slow
A: see invisible, deformed body, poison resistance, slowness 2, slow metabolism
1, spit poison 1, AC +1
a: Spit Poison, Evoke Flight


You were on level 4 of the Dungeon.
You were near starving.

You visited 1 branch of the dungeon, and saw 4 of its levels.

You collected 225 gold pieces.

Inventory:

Hand Weapons
 a - a +0 flail (weapon)
Armour
 c - a +1 shield (worn)
 h - a cursed +0 chain mail (worn)
Jewellery
 k - an uncursed ring of magical power
 p - a ring of protection from fire (right hand)
 r - a ring of flight (left hand)
Wands
 n - a wand of lightning (9/15)
 q - a wand of digging (12/24)
Scrolls
 e - a scroll of enchant armour
 i - a scroll of magic mapping
 l - a scroll of random uselessness
 s - a scroll of blinking {unknown}
Potions
 b - 2 potions of haste
 d - a potion of might
 m - a potion of heal wounds {unknown}
 o - a potion of berserk rage {unknown}
Comestibles
 f - 4 bread rations
 g - 4 meat rations
 j - a beef jerky


   Skills:
 + Level 3.3 Fighting
 + Level 3.1 Maces & Flails
 + Level 3.1 Armour
 + Level 0.8 Dodging
 + Level 0.4 Stealth
 + Level 3.2 Shields


You had 4 spell levels left.
You didn't know any spells.

Dungeon Overview and Level Annotations

Branches:
Dungeon (4/15)
 Temple: D:4-7

Altars:


Innate Abilities, Weirdness & Mutations

You cannot wear boots.
Your serpentine skin is tough. (AC +1)
You have supernaturally acute eyesight. (SInv)
Armour fits poorly on your strangely shaped body.
Your system is resistant to poisons. (rPois)
You cover ground very slowly.
You have a slow metabolism.
You can spit poison.


Message History

The orc hits you with a dagger.
The orc wizard hits you but does no damage.
You hit the orc wizard.
The orc wizard is heavily wounded.
The orc hits you but does no damage.
The orc wizard hits you but does no damage.
You closely miss the orc wizard.
The orc wizard is heavily wounded.
You block the orc's attack. The orc wizard casts a spell at you.
The puff of flame hits you! You resist. You block the orc's attack.
You closely miss the orc wizard.
The orc wizard is heavily wounded.
The orc wizard casts a spell at you. The puff of frost hits you!
* * * LOW HITPOINT WARNING * * *
You block the orc's attack.
The orc wizard gestures at you while chanting.
The puff of frost hits you!
You die...

#..............##.......#..
#...............##.....#...
#..........................
#...............#.........#
#...............#.........#
##............#.#.......#.#
##.............#......##.#
########)...###........
#@o...##...##.##.
#o###..#..## .# #o# ..... .
#......#. #.#o..#..
#........ #.. .....
#.####### ...


You could see an orc wizard and 2 orcs.

Vanquished Creatures
  An orc wizard (D:4)
  The ghost of Vesto the Firebug, a weakling OpFE (D:3)
  2 adders (D:2)
  An ooze (D:3)
  A worm (D:1)
  2 dart slugs
  2 leopard geckos (D:1)
  4 orcs (D:3)
  6 bats
  A giant cockroach (D:2)
  5 goblins
  11 hobgoblins
  11 kobolds
  3 quokkas
  5 frilled lizards
  A jackal skeleton (D:4)
  8 rats
65 creatures vanquished.

Notes
Turn   | Place    | Note
-------+----------+-------------------------------------------
     0 | D:1      | Malachi the Naga Fighter began the quest for the Orb.
     0 | D:1      | Reached XP level 1. HP: 21/21 MP: 1/1
    71 | D:1      | Reached XP level 2. HP: 17/28 MP: 2/2
   386 | D:1      | Reached XP level 3. HP: 34/34 MP: 3/3
  1313 | D:2      | Reached XP level 4. HP: 42/42 MP: 4/4
  1807 | D:3      | Noticed Vesto's ghost (weakling OpFE)
  1824 | D:3      | Killed Vesto's ghost
  2504 | D:4      | Reached XP level 5. HP: 25/49 MP: 5/5
  2522 | D:4      | Killed from afar by an orc wizard

Skill      XL: |  1  2  3  4 |
---------------+-------------+-----
Shields        | 3 |  3.2
Armour         | 3 |  3.1
Maces & Flails | 3 |  3.1
Fighting       | |  3.3
Dodging        | |  0.8
Stealth        | |  0.4

Action                   |  1- 3 |  4- 6 || total
-------------------------+-------+-------++-------
Melee: Flail             |   126 |    97 ||   223
 Abil: Spit Poison       |     4 |     4 ||     8
  Use: Scroll            |       |    11 ||    11
       Potion            |       |     2 ||     2
  Eat: Chunk             |       |     3 ||     3
Armor: Scale mail        |    53 |    24 ||    77
       Chain mail        |       |    48 ||    48
Dodge: Dodged            |    24 |    16 ||    40
Block: Shield            |    75 |    72 ||   147
